 Dungeon Sprint DCSS version 0.20.1-1-g8b1a95d (webtiles) character file.

10 JustSomeDude the Skirmisher (level 2, -5/25 HPs)
             Began as a Demonspawn Fighter on Aug 28, 2017.
             Slain by a crocodile (17 damage)
             ... in the Dungeon (Sprint II: "The Violet Keep of Menkaure").
             The game lasted 00:01:42 (89 turns).

JustSomeDude the Skirmisher (Demonspawn Fighter)      Turns: 89, Time: 00:01:42

Health: -5/25      AC:  6    Str: 16    XL:     2   Next: 10%
Magic:  2/2        EV:  7    Int:  9    God:
Gold:   243        SH:  9    Dex: 12    Spells: 1/1 levels left

rFire    . . .     SeeInvis .   a - +0 long sword
rCold    . . .     Gourm    .   c - +0 shield
rNeg     . . .     Faith    .   b - +0 scale mail
rPois    .         Spirit   .   (no helmet)
rElec    .         Reflect  .   (no cloak)
rCorr    .         Harm     .   (no gloves)
MR       .....     NoTele   +   (no boots)
Stlth    +.........             (no amulet)
Regen    0.1/turn               (no ring)
MPRegen  0.1/turn               (no ring)

@: no status effects
A: nightstalker 1
a: no special abilities


You were in the Dungeon.
You were not hungry.

You visited 1 branch You collected 243 gold pieces.

Inventory:

Hand Weapons
 a - a +0 long sword (weapon)
Armour
 b - a +0 scale mail (worn)
 c - a +0 shield (worn)
Scrolls
 k - a scroll of blinking
Potions
 e - a potion of curing
 i - 2 potions of magic
Comestibles
 f - a bread ration


   Skills:
 + Level 3.8 Fighting
 + Level 2.1 Long Blades
 + Level 3.3 Armour
 + Level 3.4 Shields


You had one spell level left.
You didn't know any spells.

Dungeon Overview and Level Annotations

Branches:
Dungeon (1/1)

Altars:

Shops:
D =::[!?(=}=}!=!%[

Annotations:
D exclusion: oklob plant


Innate Abilities, Weirdness & Mutations

You are slightly more attuned to the shadows.


Message History

The crocodile is lightly wounded.
You block the crocodile's attack. x2
You completely miss the crocodile.
The crocodile is lightly wounded.
You block the crocodile's attack.
You hit the crocodile but do no damage.
The crocodile is lightly wounded.
You block the crocodile's attack. The crocodile closely misses you.
You hit the crocodile.
The crocodile is moderately wounded.
The crocodile bites you!
Ouch! That really hurt!
You hit the crocodile.
The crocodile is moderately wounded.
The crocodile bites you but does no damage.
You hit the crocodile but do no damage.
The crocodile is moderately wounded.
The crocodile bites you!
Ouch! That really hurt!
You die...

###########≈≈≈..
##.∩.∩....#≈≈≈≈.
##..∩.∩...#≈≈≈≈#
##...∩.∩..#≈≈≈≈#
##....∩.⌠.#≈≈###
##...∩.∩..#≈##.# #+#
##..∩.∩...#≈###.##.##
##.∩.∩....t≈'.##†.<.+
##∩.∩....@#≈#...##.##
#▓▓▓▓▓▓▓###≈##.###+#
##=ss######≈≈###
#($E#l% ##≈≈≈
#∩P$+$.# +#≈#
#?$.#$##≈ ≈≈
#?%$###.§


You could see an iron elemental, a crocodile and 2 redbacks.

Vanquished Creatures
  3 worms (D)
3 creatures vanquished.

Vanquished Creatures (others)
  Menkaure (D)
  A crocodile (D)
2 creatures vanquished.

Grand Total: 5 creatures vanquished

Notes
Turn   | Place    | Note
-------+----------+-------------------------------------------
     0 | D        | JustSomeDude the Demonspawn Fighter began the quest for the Orb.
     0 | D        | Reached XP level 1. HP: 18/18 MP: 1/1
    15 | D        | Gained mutation: You are slightly more attuned to the shadows. [demonic ancestry]
    15 | D        | Reached XP level 2. HP: 20/25 MP: 2/2
    38 | D        | Killed Menkaure
    40 | D        | Found Issasch's Antique Armour Emporium.
    40 | D        | Found Gecuxki's Food Shoppe.
    41 | D        | Found Dim Vooclia's Distillery.
    41 | D        | Found Rynkaats's Jewellery Shoppe.
    41 | D        | Found Xanol's Distillery.
    42 | D        | Found Taax's Jewellery Shoppe.
    42 | D        | Found Keruoh's Gadget Emporium.
    42 | D        | Found Seammawi's Jewellery Shoppe.
    43 | D        | Found Uqeobbom's Gadget Emporium.
    44 | D        | Found Ady Siom's Antique Weapon Emporium.
    44 | D        | Found Athiob's Magic Scroll Shoppe.
    44 | D        | Found Ycle's Distillery.
    44 | D        | Noticed a crocodile
    44 | D        | Noticed a redback
    45 | D        | Found Gayl's Antique Armour Shoppe.
    45 | D        | Found Cuatacepp's Book Emporium.
    45 | D        | Noticed a redback
    45 | D        | Noticed an oklob plant
    47 | D        | Found Toguck Tuku's Jewellery Shoppe.
    47 | D        | Found Extotoz's Book Shoppe.
    51 | D        | Killed a crocodile
    72 | D        | Noticed a wyvern
    74 | D        | Noticed a wyvern
    74 | D        | Noticed an iron elemental
    75 | D        | Noticed a flying skull
    89 | D        | Slain by a crocodile

Skill      XL: |  1 |
---------------+----+-----
Armour         | 3 |  3.3
Shields        | 3 |  3.4
Long Blades    | 2 |  2.1
Fighting       | |  3.8

Action                   || total
-------------------------++-------
Melee: Long sword        ||    16
  Use: Potion            ||     4
Armor: Scale mail        ||     1
Dodge: Dodged            ||     2
Block: Shield            ||     5
